 Dungeon Crawl Stone Soup version 0.32-a0-422-g28b100f618 (webtiles) character file.

Game seed: 14544340068438625220

429 javelincjr the Trooper (level 6, -9/42 (51) HPs)
             Began as a Demonspawn Monk on Feb 21, 2024.
             Mangled by a wight
             ... wielding a +4 scimitar
              (10 damage)
             ... on level 7 of the Dungeon.
             The game lasted 00:10:32 (2929 turns).

javelincjr the Trooper (Demonspawn Monk)            Turns: 2929, Time: 00:10:32

HP:   -9/42 (51)    AC:  8    Str: 13    XL:     6   Next: 66%
MP:   5/5           EV: 12    Int: 17    God:
Gold: 123           SH:  0    Dex: 17    Spells: 5/5 levels left

rFire   . . .        w - +3 hand axe
rCold   . . .        d - orb {light}
rNeg    . . .        i - +0 ring mail
rPois   .            A - +0 helmet
rElec   .            q - +0 cloak
rCorr   .            (no gloves)
SInv    .            v - +0 pair of boots
Will    +....        (no amulet)
Stlth   +            y - +6 ring of intelligence
HPRegen 0.27/turn    (no ring)
MPRegen 0.09/turn

%: no passive effects
@: attractive, enlightened, flying, glowing, heavily drained
A: hooves 1, foul stench 1, demonic magic 1, demonic touch 1, thin skeletal
structure 1, low MP 1, inability to read after injury 1
a: no special abilities


You were on level 7 of the Dungeon.
You visited 1 branch of the dungeon, and saw 5 of its levels.

You collected 123 gold pieces.

Inventory:

Hand Weapons
 a - a +0 spear
 w - a +3 hand axe (weapon)
Missiles
 b - 7 boomerangs (quivered)
Armour
 d - an orb of light (worn)
 i - a +0 ring mail (worn)
 q - a +0 cloak (worn)
 v - a +0 pair of boots (worn)
 x - a +0 chain mail
 A - a +0 helmet (worn)
Jewellery
 h - a ring of fire
 y - a +6 ring of intelligence (left hand)
Scrolls
 f - a scroll of teleportation {unknown}
 j - a scroll of enchant armour {unknown}
 k - 3 scrolls of identify {unknown}
 m - a scroll of noise {unknown}
 n - a scroll of enchant weapon {unknown}
 r - 2 scrolls of poison {unknown}
 s - a scroll of revelation {unknown}
 t - a scroll of fear {unknown}
 z - a scroll of silence {unknown}
Potions
 e - a potion of enlightenment
 g - a potion of curing
 p - a potion of berserk rage {unknown}
 u - a potion of degeneration {unknown}
 B - a potion of resistance {unknown}


   Skills:
 * Level 5.3 Fighting
 + Level 3.9 Polearms
 + Level 2.5 Armour
 + Level 3.8 Dodging


You had 5 spell levels left.
You didn't know any spells.
Your spell library contained the following spells:

 Spells                   Type           Power      Damage    Failure   Level
 Necrotise                Necr           0%         1d4       43%         1
 Ensorcelled Hibernation  Hex/Ice        0%         N/A       58%         2
 Hailstorm                Conj/Ice       0%         3d5       82%         3
 Passwall                 Erth           0%         N/A       82%         3
 Summon Ice Beast         Ice/Summ       0%         N/A       82%         3
 Swiftness                Air            0%         N/A       82%         3
 Sculpt Simulacrum        Ice/Alch       0%         N/A       100%        6


Dungeon Overview and Level Annotations

Branches:
Dungeon (7/15)
 Temple: D:4-7

Altars:
Ashenzari
Gozag
Kikubaaqudgha
Makhleb
Sif Muna
Trog
Vehumet
Wu Jian
Yredelemnul

Shops:
D:1 [


Innate Abilities, Weirdness & Mutations

You have large cloven feet.
You may rarely emit foul miasma when damaged in melee.
Spells you cast may paralyse adjacent enemies.
Your touch may inflict minor irresistible damage on your foes.
You have a somewhat thin skeletal structure. (Dex +2, Stealth+)
Your magical capacity is low. (-10% MP)
You occasionally lose the ability to read scrolls when taking damage.


Message History

* * * LOW HITPOINT WARNING * * *
The wight barely misses you.
You closely miss the wight.
The wight is moderately damaged.
The wight completely misses you.
You barely miss the wight.
The wight is moderately damaged.
The wight barely misses you.
You bump into the rock wall.
The wight hits you with a +4 scimitar!
* * * LOW HITPOINT WARNING * * *
You feel drained.
* * * LOW HITPOINT WARNING * * *
You completely miss the wight.
The wight is moderately damaged.
The wight barely misses you.
You barely miss the wight.
The wight is moderately damaged.
You feel less invigorated.
You feel less confused. The wight hits you with a +4 scimitar!
* * * LOW HITPOINT WARNING * * *
It was a potion of curing.
You feel better. The wight hits you but does no damage.
It was a potion of enlightenment.
You feel very buoyant.
You fly up into the air.
The wight hits you with a +4 scimitar.
* * * LOW HITPOINT WARNING * * *
You feel drained.
* * * LOW HITPOINT WARNING * * *
It was a potion of mutation.
You feel extremely strange.
You occasionally lose the ability to read scrolls when taking damage.
You feel less energetic.
Your bones become slightly less dense.
The wight hits you with a +4 scimitar.
* * * LOW HITPOINT WARNING * * *
You feel drained.
* * * LOW HITPOINT WARNING * * *
It was a potion of attraction.
You feel attractive to monsters. The wight hits you with a +4 scimitar!
You die... ... #.#..## .Y#### #zz

..... ... . #.. #..#
#.#.# #..
#..#####.#.##.##
#.z#####...~...........
#>.......z..z........#
#..#########zz....####
#..? #z##.### #....
#@##... ##... #.####.#
##.# ..# .# #. #### #
#.


You could see 4 wights.

Vanquished Creatures
  A sky beast (D:7)
  A scorpion (D:4)
  A vampire bat (D:3)
  A hound (D:4)
  An iguana (D:4)
  A howler monkey zombie (D:3)
  A gnoll (D:3)
  2 adders (D:4)
  A white imp (D:3)
  A dart slug (D:3)
  5 ribbon worms
  4 orcs (D:4)
  A ball python (D:2)
  2 bats (D:1)
  A bat skeleton (D:3)
  4 bat zombies (D:3)
  6 endoplasms
  5 giant cockroaches
  5 goblins
  8 hobgoblins
  3 jackals (D:2)
  2 quokkas
  A ball python zombie (D:3)
  3 frilled lizards
  A giant cockroach zombie (D:3)
  6 kobolds
  3 rats
71 creatures vanquished.

Notes
Turn   | Place    | Note
-------+----------+-------------------------------------------
     0 | D:1      | javelincjr the Demonspawn Monk began the quest for the Orb.
     0 | D:1      | Reached XP level 1. HP: 18/18 MP: 1/1
   140 | D:1      | Found Rowos's Armour Boutique.
   230 | D:1      | Gained mutation: You may rarely emit foul miasma when
                  | damaged in melee. [demonic ancestry]
   230 | D:1      | Reached XP level 2. HP: 20/24 MP: 2/2
   636 | D:2      | Discovered your monstrous ancestry.
   636 | D:2      | Gained mutation: You have large cloven feet. [demonic
                  | ancestry]
   636 | D:2      | Reached XP level 3. HP: 29/29 MP: 3/3
   706 | D:2      | Reached skill level 1 in Armour
  1298 | D:3      | Found a basalt altar of Yredelemnul.
  1504 | D:3      | Found a radiant altar of Vehumet.
  1507 | D:3      | Reached XP level 4. HP: 37/37 MP: 4/4
  1576 | D:3      | Found a broken altar of Ashenzari.
  1648 | D:3      | Reached skill level 4 in Fighting
  1656 | D:3      | Found a burning altar of Makhleb.
  1837 | D:3      | Found a bloodstained altar of Trog.
  1865 | D:3      | Found a shimmering blue altar of Sif Muna.
  1932 | D:3      | Got Sif Muna's Folio of Abhorrent Spells
  1959 | D:3      | Found an opulent altar of Gozag.
  2118 | D:3      | Found an ancient bone altar of Kikubaaqudgha.
  2128 | D:3      | Gained mutation: Spells you cast may paralyse adjacent
                  | enemies. [demonic ancestry]
  2128 | D:3      | Reached XP level 5. HP: 42/43 MP: 5/5
  2306 | D:3      | Found an ornate altar of the Wu Jian Council.
  2573 | D:4      | Gained mutation: Your touch may inflict minor irresistible
                  | damage on your foes. [demonic ancestry]
  2573 | D:4      | Reached XP level 6. HP: 19/50 MP: 6/6
  2778 | D:4      | Reached skill level 5 in Fighting
  2861 | D:4      | You fall into a shaft and drop 3 floors!
  2870 | D:7      | Noticed a sky beast
  2894 | D:7      | Killed a sky beast
  2928 | D:7      | Gained mutation: You occasionally lose the ability to read
                  | scrolls when taking damage. [potion of mutation]
  2928 | D:7      | Gained mutation: Your magical capacity is low. (-10% MP)
                  | [potion of mutation]
  2928 | D:7      | Gained mutation: You have a somewhat thin skeletal
                  | structure. (Dex +2, Stealth+) [potion of mutation]
  2928 | D:7      | HP: 1/42 [wight/+4 scimitar (2)]
  2929 | D:7      | Mangled by a wight

Illustrated notes

Levels and vault maps discovered:
D:1:      dpeg_chamrin_arrival_tetris, layout_basic, serial_shops, shop,
          minmay_stone_trees_small
D:2:      layout_basic
D:3:      layout_basic, nicolae_yredelemnul_corpse_copse, lemuel_crystal_altar,
          ashenzari_altar_1, grunt_gozag_statues,
          nicolae_wu_jian_immortal_techniques, mainiacjoe_overflow_24_doors,
          kennysheep_vampire_church, nzn_overflow_gifts_of_might_and_magic
D:4:      layout_loops_ring, good_gods_mini_temple
D:7:      layout_loops_ring, nicolae_qazlal_eye_of_the_storm,
          minmay_temple_entry_grid, serial_shops, shop,
          kennysheep_generic_room_2, uniq_duvessa, uniq_maggie

Skill      XL: |  1  2  3  4  5  6 |
---------------+-------------------+-----
Polearms       | 3 |  3.9
Armour         | 1 2 |  2.5
Dodging        | 3 |  3.8
Fighting       | 4 5 |  5.3

Action                     |  1- 3 |  4- 6 || total
---------------------------+-------+-------++-------
  Melee: Spear             |   107 |    50 ||   157
         Kick              |    18 |       ||    18
         Hand axe          |       |   105 ||   105
  Throw: Boomerang         |       |     3 ||     3
    Use: Potion            |       |     5 ||     5
 Armour: Robe              |    22 |       ||    22
         Ring mail         |    14 |   107 ||   121
  Dodge: Dodged            |    51 |   101 ||   152

Table legend: (Time is in decaauts)
 A = Elapsed time spent in this place.
 B = Non-inter-level travel time spent in this place.
 C = Inter-level travel time spent in this place.
 D = Time resting spent in this place.
 E = Time spent auto-exploring this place.
 F = Levels seen in this place.
 G = Mean time per level.
                   A        B        C        D        E       F      G
               +--------+--------+--------+--------+--------+-----+--------+
         Total |   2940 |   2837 |    103 |    237 |   1984 |   5 |  588.0 |
       Dungeon |   2940 |   2837 |    103 |    237 |   1984 |   5 |  588.0 |
               +--------+--------+--------+--------+--------+-----+--------+

Top non-repeatable levels by time:
     D:3: 1080 daAuts
     D:2: 695 daAuts
     D:1: 593 daAuts
     D:4: 497 daAuts
     D:7: 73 daAuts
